AoeStats
← lav3rn3

Arena

504971698Analyzed
4v4 RM · 24d ago on Sep 7, 2026· 42m 18s· 8 players
Game mode
Random Map
Map size
Large (8 player)
Population
200
Speed
Normal
Resources
Standard
Victory
Conquest
Starting age
Dark Age
Ending age
Imperial Age
RankedLock teamsTeams togetherTeam positionsShared explorationLock speedFull tech treeHidden civsTurbo modeCheats
Victory
Defeat
🇺🇸 Slavs · United States
836
+13
🇳🇿 Koreans · New Zealand
824
+13
🇮🇩 Poles · Indonesia
799
+14
🇮🇩 Britons · Indonesia
758
+16
🇹🇷 Huns · Türkiye
829
-16
🇹🇷 Aztecs · Türkiye
748
-34
🇨🇦 Khmer · Canada
738
-13
🇹🇷 Turks · Türkiye
729
-13
★秧★FISHY
1:11 Loom
12:41 Feudal Age
14:38 Wheelbarrow
14:49 Double-Bit Axe
15:26 Horse Collar
19:28 Castle Age
20:11 Gold Mining
20:57 Hand Cart
20:56 Bow Saw
23:22 Heavy Plow
32:19 Imperial Age
31:11 Fletching
31:21 Stone Mining
36:07 Conscription
35:17 Sappers
36:23 Hoardings
36:57 Bodkin Arrow
37:13 Forging
37:04 Scale Mail Armor
40:01 Bracer
40:36 Iron Casting
40:08 Scale Barding Armor
41:52 Gold Shaft Mining
41:56 Stone Shaft Mining
The_Rocks£
13:21 Feudal Age
15:48 Loom
18:08 Town Watch
Godofsinner
0:30 Loom
11:20 Feudal Age
12:38 Wheelbarrow
11:50 Double-Bit Axe
11:50 Horse Collar
12:03 Gold Mining
18:40 Stone Mining
22:11 Castle Age
22:09 Forging
22:05 Scale Barding Armor
23:10 Bow Saw
23:01 Heavy Plow
23:39 Gold Shaft Mining
23:09 Husbandry
23:24 Bloodlines
26:12 Iron Casting
26:34 Hand Cart
29:05 Caravan
34:42 Chain Barding Armor
35:05 Marauders
41:40 Imperial Age
TSİNTSADZE
1:53 Loom
13:56 Feudal Age
15:29 Horse Collar
15:38 Double-Bit Axe
18:33 Wheelbarrow
21:55 Castle Age
20:59 Gold Mining
20:59 Stone Mining
23:27 Bow Saw
23:20 Heavy Plow
30:08 Imperial Age
31:35 Man-at-Arms
32:29 Forging
32:10 Fletching
32:24 Scale Mail Armor
33:05 Hoardings
34:20 Gold Shaft Mining
35:18 Hand Cart
36:01 Elite Janissary
41:45 Iron Casting
41:06 Bodkin Arrow
TDMC | SpAwN_™
0:27 Loom
10:42 Feudal Age
14:51 Castle Age
12:59 Double-Bit Axe
13:43 Horse Collar
20:21 Bow Saw
20:13 Heavy Plow
25:20 Wheelbarrow
28:45 Imperial Age
27:23 Gold Mining
27:28 Pikeman
28:44 Hand Cart
28:53 Scale Mail Armor
28:57 Squires
30:28 Stone Mining
31:52 Two-Man Saw
31:44 Halberdier
32:49 Forging
33:18 Gold Shaft Mining
34:11 Iron Casting
34:21 Chain Mail Armor
36:01 Blast Furnace
35:56 Conscription
35:30 Capped Ram
36:56 Crop Rotation
36:43 Siege Ram
38:22 Siege Engineers
40:01 Druzhina
41:57 Masonry
lav3rn3
0:44 Loom
14:03 Feudal Age
16:06 Wheelbarrow
22:55 Castle Age
23:15 Fletching
23:16 Crossbowman
24:02 Thumb Ring
24:59 Wheelbarrow
27:12 Bodkin Arrow
27:05 Horse Collar
27:39 Double-Bit Axe
31:53 Hand Cart
40:10 Imperial Age
40:38 Town Watch
40:48 Town Watch
41:11 Bracer
42:01 Bow Saw
41:51 Gold Mining
41:53 Stone Mining
+62 | Farhan
0:42 Loom
11:58 Feudal Age
12:42 Double-Bit Axe
12:42 Horse Collar
18:40 Castle Age
17:20 Wheelbarrow
22:00 Bow Saw
21:19 Light Cavalry
22:13 Forging
22:11 Scale Barding Armor
22:14 Husbandry
22:25 Bloodlines
23:45 Stone Mining
26:37 Heavy Plow
26:43 Gold Mining
27:47 Hand Cart
28:31 Stone Shaft Mining
27:47 Town Watch
32:10 Imperial Age
31:59 Szlachta Privileges
32:32 Iron Casting
32:18 Chain Barding Armor
33:32 Conscription
33:35 Lechitic Legacy
34:39 Blast Furnace
33:15 Cavalier
34:38 Winged Hussar
35:45 Fletching
36:10 Fortified Wall
36:22 Ballistics
39:46 Bodkin Arrow
Lagi Gabut
0:31 Loom
10:06 Feudal Age
12:42 Wheelbarrow
18:52 Castle Age
17:15 Horse Collar
17:32 Double-Bit Axe
23:18 Gold Mining
23:18 Stone Mining
24:54 Bow Saw
24:46 Heavy Plow
33:24 Imperial Age
33:40 Hand Cart
34:09 Yeomen
33:39 Elite Longbowman
34:13 Pikeman
34:53 Squires
37:01 Herbal Medicine
37:47 Conscription
37:00 Halberdier
38:06 Forging
37:57 Scale Mail Armor
Connection lost

Rejoining the realm…

Still unreachable

The connection could not be restored.

Session expired

The server has moved on; the page needs a fresh start.